 Dungeon Crawl Stone Soup version 0.22-a0-196-gee22f27 (webtiles) character file.

72 vishdafish the Slasher (level 4, 0/34 HPs)
             Began as a Demonspawn Gladiator on Feb 17, 2018.
             Slain by vishdafish's ghost (4 damage)
             ... on level 3 of the Dungeon.
             The game lasted 00:03:13 (1910 turns).

vishdafish the Slasher (Demonspawn Gladiator)       Turns: 1910, Time: 00:03:14

Health: 0/34       AC:  4    Str: 15    XL:     4   Next: 7%
Magic:  4/4        EV: 13    Int: 10    God:
Gold:   40         SH:  0    Dex: 14    Spells: 3/3 levels left

rFire    . . .     SeeInvis .   n - +0 dagger
rCold    . . .     Gourm    .   (no shield)
rNeg     . . .     Faith    .   b - +0 leather armour
rPois    .         Spirit   .   k - +0 helmet
rElec    .         Reflect  .   (no cloak)
rCorr    .         Harm     .   (no gloves)
MR       .....                  (no boots)
Stlth    ++........             (no amulet)
HPRegen  0.11/turn              (no ring)
MPRegen  0.09/turn              (no ring)

@: no status effects
A: hooves 1, nightstalker 1
a: no special abilities


You were on level 3 of the Dungeon.
You were very hungry.

You visited 1 branch of the dungeon, and saw 3 of its levels.

You collected 40 gold pieces.

Inventory:

Hand Weapons
 a - a +0 long sword
 n - a +0 dagger (weapon)
Missiles
 d - 2 throwing nets (quivered)
Armour
 b - a +0 leather armour (worn)
 c - a +0 helmet
 k - a +0 helmet (worn)
Scrolls
 g - a scroll of teleportation {unknown}
 i - 3 scrolls of identify {unknown}
 j - a scroll of noise {unknown}
 m - a scroll of amnesia {unknown}
 o - a scroll of immolation {unknown}
Potions
 e - a potion of mutation {unknown}
 h - 2 potions of curing
 l - a potion of heal wounds {unknown}
 q - a potion of ambrosia {unknown}
Comestibles
 f - 3 rations


   Skills:
 + Level 2.4 Fighting
 * Level 1.4(2.4) Short Blades
 - Level 3.0(3.1) Long Blades
 - Level 2.0 Throwing
 + Level 0.5 Armour
 + Level 3.0 Dodging
 * Level 1.4 Stealth


You had 3 spell levels left.
You didn't know any spells.

Dungeon Overview and Level Annotations

Branches:
Dungeon (3/15)

Altars:

Annotations:
D:3 vishdafish's ghost, amateur DsGl


Innate Abilities, Weirdness & Mutations

You have large cloven feet.
You are slightly more attuned to the shadows.


Message History

The net rips apart, and the scorpion comes free!
Vishdafish's ghost hits you.
You closely miss the scorpion. You kick the scorpion.
The scorpion is almost dead.
The scorpion misses you. Vishdafish's ghost hits you!
Throwing (i - inventory)
d - 3 throwing nets (quivered)
Press: ? - help, Shift-Dir - straight line, f/p - scorpion
Aim: a scorpion (severely wounded)
You throw a throwing net.
The throwing net closely misses the scorpion.
The throwing net hits the orc.
The orc is caught in the net!
The scorpion stings you but does no damage.
The orc struggles against the net.
You feel better. Vishdafish's ghost hits you!
* * * LOW HITPOINT WARNING * * *
The scorpion stings you.
* * * LOW HITPOINT WARNING * * *
The orc struggles against the net.
Vishdafish's ghost hits you.
You die...

#.# .# .# #...#.# #.. #.#
.#..#.#..... #..##.#
##.#..#.#s#.... # #..##.#
.....#.#.....
#.##..##.####.#..#.... .
...................†#.####
#..##.###@##...$#.#.....
#........Ws.o...........
######.##.###.##.....<......
#......##.##................
##<######.##..###.....#.###.
#.........................
##.######.##..###.#.....###
#.. ................. ###
##.#.#...


You could see a scorpion, vishdafish's ghost and an orc (caught).

Vanquished Creatures
  3 adders
  A worm (D:2)
  A dart slug (D:2)
  2 leopard geckos (D:2)
  An orc (D:2)
  2 ball pythons (D:1)
  5 bats
  2 giant cockroaches (D:1)
  5 goblins
  4 hobgoblins
  3 jackals (D:2)
  4 frilled lizards
  2 kobolds (D:2)
  2 rats (D:2)
37 creatures vanquished.

Notes
Turn   | Place    | Note
-------+----------+-------------------------------------------
     0 | D:1      | vishdafish the Demonspawn Gladiator began the quest for the Orb.
     0 | D:1      | Reached XP level 1. HP: 16/16 MP: 1/1
   315 | D:1      | Gained mutation: You are slightly more attuned to the shadows. [demonic ancestry]
   315 | D:1      | Reached XP level 2. HP: 22/22 MP: 2/2
  1104 | D:2      | Gained mutation: You have large cloven feet. [demonic ancestry]
  1104 | D:2      | Reached XP level 3. HP: 5/27 MP: 3/3
  1105 | D:2      | Reached skill level 1 in Stealth
  1486 | D:2      | Reached skill level 1 in Short Blades
  1817 | D:3      | Reached XP level 4. HP: 33/34 MP: 4/4
  1900 | D:3      | Noticed vishdafish's ghost (amateur DsGl)
  1910 | D:3      | Slain by vishdafish's ghost

Vault maps used:
D:1:      lightli_arrival_statue_moat
D:2:      minmay_hexomino_f4
D:3:      uniq_ijyb

Skill      XL: |  1  2  3 |
---------------+----------+-----
Long Blades    | 3 |  3.0
Throwing       | 2 |  2.0
Stealth        | 1 |  1.4
Short Blades   | 1 |  1.4
Dodging        | 3 |  3.0
Fighting       | |  2.4
Armour         | |  0.5

Action                   |  1- 3 |  4- 6 || total
-------------------------+-------+-------++-------
Melee: Long sword        |    27 |       ||    27
       Dagger            |    97 |    15 ||   112
       Kick              |    13 |     3 ||    16
Throw: Throwing net      |     1 |     2 ||     3
  Use: Potion            |     3 |     2 ||     5
 Stab: Sleeping          |     5 |       ||     5
       Held in net/web   |     1 |     2 ||     3
  Eat: Chunk             |     2 |       ||     2
Armor: Leather armour    |    33 |     3 ||    36
       Skin              |    32 |       ||    32
Dodge: Dodged            |    85 |     6 ||    91
       Rpst.: Long sword |     7 |       ||     7

Table legend:
 A = Spawn XP
 B = Non-spawn XP
 C = Spawn XP percentage of total XP
 D = Spawn monster count
 E = Non-spawn monster count
 F = Spawn count percentage of total count
 G = Total turns spent on level
                    A         B        C        D         E        F      G
               +---------+---------+-------+---------+---------+-------+---------
         Total |       0 |     104 |   0.0 |       0 |      37 |   0.0 |  1910
               +---------+---------+-------+---------+---------+-------+---------
           D:1 |       0 |      34 |   0.0 |       0 |      13 |   0.0 |  1230
           D:2 |       0 |      57 |   0.0 |       0 |      23 |   0.0 |   638
           D:3 |       0 |      13 |   0.0 |       0 |       1 |   0.0 |    42
               +---------+---------+-------+---------+---------+-------+---------
